 Dungeon Crawl Stone Soup version 0.30-b1-2-g02819fbbbe (webtiles) character file.

Game seed: 4546922822140135625

2017 Gartch the Cleaver (level 9, -1/79 HPs)
             Began as a Minotaur Berserker on Dec 8, 2023.
             Was a Priest of Trog.
             Slain by Joseph
             ... wielding a +0 quarterstaff
              (13 damage)
             ... on level 7 of the Dungeon.
             The game lasted 00:24:22 (6217 turns).

Gartch the Cleaver (Minotaur Berserker)             Turns: 6217, Time: 00:24:23

Health: -1/79      AC: 10    Str: 26    XL:     9   Next: 3%
Magic:  8/8        EV: 14    Int:  4    God:    Trog [***...]
Gold:   382        SH: 11    Dex: 16    Spells: 8/8 levels left

rFire   . . .        a - +0 hand axe
rCold   . . .        s - +0 tower shield
rNeg    . . .        h - +0 chain mail
rPois   .            (helmet restricted)
rElec   .            (no cloak)
rCorr   .            (no gloves)
SInv    .            (no boots)
Will    ++...        (no amulet) Stlth
                     e - +6 ring of dexterity
HPRegen 1.33/turn    u - +5 ring of evasion
MPRegen 0.11/turn

%: no passive effects
@: strong-willed, on berserk cooldown, regenerating, slowed, very slow
A: horns 2, retaliatory headbutt
a: Renounce Religion, Berserk, Trog's Hand


You were on level 7 of the Dungeon.
You worshipped Trog.
Trog was most pleased with you.
You visited 1 branch of the dungeon, and saw 7 of its levels.

You collected 382 gold pieces.

Inventory:

Hand Weapons
 a - a +0 hand axe (weapon)
 b - a +0 shortbow
Armour
 h - a +0 chain mail (worn)
 s - a +0 tower shield (worn)
Jewellery
 e - a +6 ring of dexterity (left hand)
 u - a +5 ring of evasion (right hand)
 w - a ring of resist corrosion
Wands
 k - a wand of light (5)
Scrolls
 d - a scroll of poison
 f - a scroll of magic mapping {unknown}
 g - a scroll of amnesia {unknown}
 l - a scroll of teleportation
 n - a scroll of fear
 q - a scroll of silence {unknown}
 r - a scroll of vulnerability {unknown}
 v - a scroll of enchant armour {unknown}
Potions
 c - 2 potions of flight
 j - a potion of resistance {unknown}
 m - 2 potions of haste
 o - a potion of might {unknown}
 p - a potion of curing {unknown}
 t - a potion of mutation {unknown}
 x - 2 potions of lignification {unknown}


   Skills:
 + Level 7.3 Fighting
 * Level 9.8 Axes
 + Level 6.4 Armour
 + Level 6.1 Dodging


You had 8 spell levels left.
You didn't know any spells.
Your spell library was empty.

Dungeon Overview and Level Annotations

Branches:
Dungeon (7/15)             Temple (0/1) D:4

Altars:
Trog
Vehumet

Annotations:
D:7 Joseph


Innate Abilities, Weirdness & Mutations

You have a pair of horns on your head.
You reflexively headbutt those who attack you in melee.


Message History

You are no longer berserk.
You are exhausted.
You feel yourself slow down.
Your skin stops crawling.
You feel less strong-willed.
Your skin crawls.
You feel strong-willed.
Joseph unwields a +0 sling.
Joseph wields a +0 quarterstaff.
You block Joseph's attack. Joseph hits you with a +0 quarterstaff.
You hit Joseph but do no damage. You block Joseph's attack. x2
You slash Joseph! You headbutt Joseph, but do no damage.
Joseph is lightly wounded.
Joseph hits you with a +0 quarterstaff! You block Joseph's attack. x2
You hit Joseph. Your headbutt misses Joseph.
Joseph is lightly wounded.
Joseph hits you with a +0 quarterstaff. Joseph barely misses you.
You furiously retaliate!
You headbutt Joseph. You closely miss Joseph. You headbutt Joseph.
Joseph is moderately wounded.
Joseph hits you with a +0 quarterstaff. You block Joseph's attack.
Joseph hits you with a +0 quarterstaff.
* * * LOW HITPOINT WARNING * * *
You hit Joseph but do no damage.
Joseph is moderately wounded.
Joseph barely misses you. You block Joseph's attack.
You hit Joseph but do no damage.
Joseph is moderately wounded.
Joseph barely misses you. You furiously retaliate!
You headbutt Joseph. Joseph hits you with a +0 quarterstaff!
* * * LOW HITPOINT WARNING * * *
Joseph hits you with a +0 quarterstaff.
* * * LOW HITPOINT WARNING * * *
Okay, then.
You hit Joseph but do no damage.
Joseph is moderately wounded.
You block Joseph's attack. Joseph barely misses you. You furiously retaliate!
You headbutt Joseph! You closely miss Joseph.
Joseph is heavily wounded.
Joseph hits you with a +0 quarterstaff!
You die...

.......#.. #.........
#......... .) .#
#...##..## #..# ...
#........####.. ..
#...........#..####.#
#........?..#.....#.##
#...##......#.# #.../##.#
#...##.....@..###..#....#
#........)@#.......o5#...
#.....#.[..##.###.##.....
#...###.†).)..###.# ....D
##.## #.#...@...#.#......
#.# #.#..)....@.....oo.
#.# #...........#....5.
#. ###........##.o...#
#............5###


You could see Joseph (fast).

Vanquished Creatures
  Pikel (D:4)
  A steam dragon (D:7)
  A centaur (D:6)
  2 ogres
  A phantom (D:4)
  A bullfrog (D:7)
  3 scorpions
  2 howler monkeys
  7 hounds
  3 orc priests
  A jelly (D:6)
  An iguana (D:5)
  3 sleepcaps
  Natasha (thrice) (D:2)
  5 orc wizards
  6 adders
  3 white imps
  An ufetubus (D:7)
  A worm (D:2)
  8 dart slugs
  12 orcs
  9 ball pythons
  4 bats
  10 endoplasms
  5 giant cockroaches
  8 goblins
  9 hobgoblins
  2 jackals (D:2)
  8 kobolds
  3 quokkas
  7 frilled lizards
  7 rats
138 creatures vanquished.

Vanquished Creatures (others)
  A wizard (D:4)
  3 orcs (D:7)
4 creatures vanquished.

Grand Total: 142 creatures vanquished

Notes
Turn   | Place    | Note
-------+----------+-------------------------------------------
     0 | D:1      | Gartch the Minotaur Berserker began the quest for the Orb.
     0 | D:1      | Reached XP level 1. HP: 19/19 MP: 0/0
    96 | D:1      | Reached skill level 4 in Axes
   108 | D:1      | Reached XP level 2. HP: 27/27 MP: 1/1
   133 | D:1      | Found a faded altar of an unknown god.
   697 | D:1      | Reached XP level 3. HP: 33/33 MP: 2/2
   705 | D:1      | Reached ** piety under Trog
  1369 | D:2      | Noticed Natasha
  1391 | D:2      | Killed Natasha
  1392 | D:2      | Reached skill level 5 in Axes
  1392 | D:2      | Reached XP level 4. HP: 41/41 MP: 3/3
  1422 | D:2      | Noticed Natasha
  1435 | D:2      | Killed Natasha
  1506 | D:2      | Noticed Natasha
  1514 | D:2      | Killed Natasha
  1683 | D:2      | Reached XP level 5. HP: 28/47 MP: 4/4
  2353 | D:3      | Reached skill level 6 in Axes
  2361 | D:3      | Reached *** piety under Trog
  2393 | D:3      | Reached XP level 6. HP: 55/55 MP: 5/5
  2400 | D:3      | Reached skill level 5 in Fighting
  2703 | D:3      | Found a radiant altar of Vehumet.
  2894 | D:4      | Found a bloodstained altar of Trog.
  2896 | D:4      | Noticed a wizard
  2901 | D:4      | Killed a wizard
  3091 | D:4      | Found a staircase to the Ecumenical Temple.
  3095 | D:4      | Noticed Pikel
  3158 | D:4      | Killed Pikel
  3159 | D:4      | Reached skill level 7 in Axes
  3159 | D:4      | Reached XP level 7. HP: 61/62 MP: 6/6
  3409 | D:4      | Reached skill level 5 in Armour
  3627 | D:4      | Reached skill level 8 in Axes
  3769 | D:4      | Reached skill level 5 in Dodging
  3775 | D:4      | Reached XP level 8. HP: 70/70 MP: 7/7
  4057 | D:5      | Entered Level 5 of the Dungeon
  5129 | D:6      | Reached skill level 9 in Axes
  5809 | D:6      | Reached **** piety under Trog
  6192 | D:7      | Noticed Joseph
  6204 | D:7      | Reached XP level 9. HP: 51/79 MP: 8/8
  6217 | D:7      | Slain by Joseph

Illustrated notes

Levels and vault maps discovered:
D:1:      saegor_arrival_simple_d, layout_basic, shapermc_ecumenical_altar_venn,
          serial_co_window_serial, co_window_paths_b, co_window_paths_a,
          co_window_corner_a, co_window_corner_a, co_window_corner_a,
          co_window_corner_cb, co_window_broadway_a, co_window_broadway_a,
          co_window_broadway_b, co_window_paths_c, co_window_corner_b,
          glass_columns_a, minmay_tetromino_o4
D:2:      layout_rooms, hangedman_abyss_or_decor_stabs, grunt_ministairs_2,
          wad_floor_pattern_1, uniq_natasha
D:3:      kennysheep_slugbush, layout_loops_ring, vehumet_crystals
D:4:      layout_loops_ring, trog_wizard, minmay_temple_entry_tees,
          kennysheep_cross_bottleneck, uniq_pikel
D:5:      layout_basic, minmay_misc_feat_iff
D:6:      layout_loops_corners
D:7:      layout_rooms, serial_shops, nicolae_shop_competitors_out_of_business,
          uniq_joseph

Skill      XL: |  1  2  3  4  5  6  7  8 |
---------------+-------------------------+-----
Axes           | 4 5 6 7 8 9 |  9.8
Fighting       | 4 5 6 7 |  7.3
Dodging        | 3 4 5 6 |  6.1
Armour         | 3 4 5 6 |  6.4

Action                     |  1- 3 |  4- 6 |  7- 9 || total
---------------------------+-------+-------+-------++-------
  Melee: Hand axe          |    90 |   117 |   150 ||   357
         Headbutt          |    12 |    17 |    24 ||    53
         Punch             |     1 |       |       ||     1
 Invoke: Berserk           |     1 |     4 |     6 ||    11
         Trog's Hand       |     1 |     1 |     4 ||     6
    Use: Scroll            |       |     1 |     7 ||     8
         Potion            |       |       |     2 ||     2
 Armour: Animal skin       |    10 |       |       ||    10
         Ring mail         |     3 |    36 |    24 ||    63
         Chain mail        |       |       |    12 ||    12
  Dodge: Dodged            |    49 |    44 |    52 ||   145
  Block: Tower shield      |       |    19 |    66 ||    85
